 Dungeon Crawl Stone Soup version 0.30-a0-847-g17996783a1 (webtiles) character file.

Game seed: 7656427355573989737

148 bande the Covered (level 5, -2/33 HPs)
             Began as a Gargoyle Fighter on Mar 4, 2023.
             Slain by a gnoll
             ... wielding a +0 halberd
              (3 damage)
             ... on level 4 of the Dungeon.
             The game lasted 00:04:15 (2919 turns).

bande the Covered (Gargoyle Fighter)                Turns: 2919, Time: 00:04:16

Health: -2/33      AC: 15    Str: 19    XL:     5   Next: 30%
Magic:  5/5        EV: 15    Int:  9    God:
Gold:   169        SH:  4    Dex: 11    Spells: 4/4 levels left

rFire   . . .      SeeInvis .    a - +0 war axe
rCold   . . .      Faith    .    c - +0 buckler
rNeg    + . .      Spirit   .    t - +4 ring mail "Plog" {rElec rPois Will+ Stlth+}
rPois   ∞          Reflect  .    (no helmet)
rElec   +          Rampage  .    r - +0 cloak {Stlth+}
rCorr   .                        (no gloves)
Will    +....                    (no boots)
Stlth   +++                      (no amulet)
HPRegen 0.25/turn                b - +5 ring of evasion
MPRegen 0.09/turn                (no ring)

@: no status effects
A: sickness immunity, AC +4, negative energy resistance 1, electricity
resistance, torment resistance 1, petrification resistance
a: no special abilities


You were on level 4 of the Dungeon.
You visited 1 branch of the dungeon, and saw 4 of its levels.

You collected 169 gold pieces.

Inventory:

Hand Weapons
 a - a +0 war axe (weapon)
 h - a +1 flail of protection
Armour
 c - a +0 buckler (worn)
 r - a +0 cloak of stealth (worn)
 t - the +4 ring mail "Plog" (worn) {rElec rPois Will+ Stlth+}
   (You found it on level 3 of the Dungeon)

   rElec:     It insulates you from electricity.
   rPois:     It protects you from poison.
   Will:      It increases your willpower.
   Stlth:     It makes you more stealthy.
 v - a +0 plate armour
Jewellery
 b - a +5 ring of evasion (left hand)
Scrolls
 e - a scroll of immolation {unknown}
 g - a scroll of teleportation {unknown}
 i - 5 scrolls of enchant armour {unknown}
 j - 8 scrolls of identify {unknown}
 k - a scroll of silence {unknown}
 q - a scroll of magic mapping {unknown}
 u - 2 scrolls of blinking {unknown}
 w - a scroll of vulnerability {unknown}
 x - a scroll of summoning {unknown}
Potions
 d - 2 potions of might
 f - a potion of berserk rage {unknown}
 l - a potion of heal wounds {unknown}
 m - 4 potions of curing {unknown}
 n - a potion of ambrosia {unknown}
 o - a potion of attraction {unknown}
 p - a potion of haste {unknown}
 s - a potion of lignification {unknown}


   Skills:
 + Level 4.0 Fighting
 + Level 3.3 Axes
 + Level 4.4 Armour
 + Level 3.8 Shields


You had 4 spell levels left.
You didn't know any spells.
Your spell library contained the following spells:

 Spells                   Type           Power      Damage    Failure   Level
 Beastly Appendage        Tmut           0%         N/A       65%         1
 Wereblood                Tmut           0%         N/A       80%         2
 Spider Form              Tmut/Pois      0%         N/A       95%         3


Dungeon Overview and Level Annotations

Branches:
Dungeon (4/15)
 Temple: D:4-7

Altars:
Ashenzari

Shops:
D:1 [


Innate Abilities, Weirdness & Mutations

You are immune to sickness and miasma.
Your stone body is resilient. (AC +4)
You are immune to poison.
You resist negative energy. (rN+)
You are resistant to electric shocks. (rElec)
You are resistant to unholy torment.
You are immune to petrification.


Message History

You barely miss the gnoll. The gnoll closely misses you.
The gnoll hits you with a +0 flail.
You barely miss the gnoll. The gnoll hits you but does no damage.
The gnoll misses you.
You barely miss the gnoll. The gnoll hits you with a +0 flail.
The gnoll hits you but does no damage. You block the gnoll's attack.
The gnoll barely misses you. The hobgoblin barely misses you.
You hit the gnoll.
The gnoll is moderately wounded.
You slash the hobgoblin!
You kill the hobgoblin!
The gnoll closely misses you. The gnoll hits you with a +0 flail.
You are too injured to fight recklessly!
You are too injured to fight recklessly!
You are too injured to fight recklessly!
You are too injured to fight recklessly!
You are too injured to fight recklessly!
You are too injured to fight recklessly!
You are too injured to fight recklessly!
You are too injured to fight recklessly!
You are too injured to fight recklessly!
The gnoll closely misses you. The gnoll barely misses you.
You see here a +0 club.
You closely miss the gnoll. You hit the gnoll. The gnoll closely misses you.
The gnoll barely misses you.
You barely miss the gnoll. x2; The gnoll barely misses you. x2
The gnoll hits you but does no damage. The gnoll hits you with a +0 halberd.
* * * LOW HITPOINT WARNING * * *
You slash the gnoll!
The gnoll is severely wounded.
You barely miss the gnoll. The gnoll hits you but does no damage.
The gnoll closely misses you.
You hit the gnoll.
The gnoll is almost dead.
You hit the gnoll. The gnoll hits you with a +0 halberd.
* * * LOW HITPOINT WARNING * * *
The gnoll barely misses you. The gnoll hits you with a +0 flail.
* * * LOW HITPOINT WARNING * * *
The gnoll hits you with a +0 halberd.
You die...

# .#.#..#.#..#.##...
#.##.#.#............#.
#.#.....#.#.##.#.##.#.
..............)...... #
#.##..#.#.##)#.##.#.
##.#..............##.#.
......)..#.#..#.#.##.#.
#..g.##.............
#.g@...........##.##
##.##.............#
#.#..#........##.#
#.#..#......#.# #
..[...........#
............#.#
#......#..#......
#......#..#.##.##


You could see 2 gnolls.

Vanquished Creatures
  9 gnolls
  A worm (D:3)
  A dart slug (D:3)
  3 orcs (D:3)
  8 ball pythons
  An endoplasm (D:2)
  9 hobgoblins
  2 jackals (D:1)
  3 quokkas
  4 bats
  3 frilled lizards
  4 goblins
  6 kobolds
  5 rats
59 creatures vanquished.

Notes
Turn   | Place    | Note
-------+----------+-------------------------------------------
     0 | D:1      | bande the Gargoyle Fighter began the quest for the Orb.
     0 | D:1      | Reached XP level 1. HP: 14/14 MP: 1/1
    46 | D:1      | Reached XP level 2. HP: 5/19 MP: 2/2
   381 | D:1      | Found Ovont's Antique Armour Boutique.
   724 | D:1      | Reached XP level 3. HP: 24/24 MP: 3/3
  1830 | D:3      | Identified the +4 ring mail "Plog" {rElec rPois Will+
                  | Stlth+}
  2020 | D:3      | Reached XP level 4. HP: 22/29 MP: 4/4
  2673 | D:4      | Found a broken altar of Ashenzari.
  2750 | D:4      | Reached XP level 5. HP: 21/33 MP: 5/5
  2919 | D:4      | HP: 1/33 [gnoll/+0 flail (3)]
  2919 | D:4      | Slain by a gnoll

Illustrated notes

Levels and vault maps discovered:
D:1:      minmay_arrival_five_plusses, layout_basic, serial_shops,
          nicolae_shop_advertising_works [nicolae_subvault_shop_adworks],
          supply_closet_lemuel, nicolae_grassy_gnolls
D:2:      layout_basic, palyth_stone_intersect, minmay_bisected
D:3:      layout_loops_cross, dk_noncrumbling_2
D:4:      layout_basic, mainiacjoe_overflow_small_starburst,
          mainiacjoe_overflow_24_doors

Skill      XL: |  1  2  3  4  5 |
---------------+----------------+-----
Armour         | 4 |  4.4
Axes           | 2 3 |  3.3
Fighting       | 4 |  4.0
Shields        | |  3.8

Action                     |  1- 3 |  4- 6 || total
---------------------------+-------+-------++-------
  Melee: War axe           |   114 |    46 ||   160
   Stab: Sleeping          |       |     1 ||     1
 Armour: Scale mail        |    44 |       ||    44
         Chain mail        |    24 |       ||    24
         Ring mail         |     6 |    14 ||    20
  Dodge: Dodged            |    64 |    37 ||   101
  Block: Buckler           |    32 |    19 ||    51

Table legend: (Time is in decaauts)
 A = Elapsed time spent in this place.
 B = Non-inter-level travel time spent in this place.
 C = Inter-level travel time spent in this place.
 D = Time resting spent in this place.
 E = Time spent auto-exploring this place.
 F = Levels seen in this place.
 G = Mean time per level.
                   A        B        C        D        E       F      G
               +--------+--------+--------+--------+--------+-----+--------+
         Total |   2986 |   2971 |     15 |    464 |   1942 |   4 |  746.5 |
       Dungeon |   2986 |   2971 |     15 |    464 |   1942 |   4 |  746.5 |
               +--------+--------+--------+--------+--------+-----+--------+

Top non-repeatable levels by time:
     D:1: 906 daAuts
     D:3: 905 daAuts
     D:2: 899 daAuts
     D:4: 274 daAuts
